 Dungeon Crawl Stone Soup version 0.30-a0-586-g23e55c9e0a (webtiles) character file.

Game seed: 2649300915389236448

170 PyroL the Changer (level 5, -23/33 HPs)
             Began as an Octopode Transmuter on Jan 3, 2023.
             Killed by an exploding gnoll (34 damage)
             ... ignited by their inner flame
             ... on level 4 of the Dungeon.
             The game lasted 00:05:32 (2782 turns).

PyroL the Changer (Octopode Transmuter)             Turns: 2782, Time: 00:05:32

Health: -23/33     AC:  2    Str:  9    XL:     5   Next: 50%
Magic:  4/8        EV: 19    Int: 18    God:
Gold:   156        SH:  0    Dex: 17    Spells: 2/8 levels left

rFire   . . .      SeeInvis .      - Unarmed
rCold   . . .      Faith    .    (shield currently unavailable)
rNeg    . . .      Spirit   .    (helmet currently unavailable)
rPois   x          Reflect  .    (no amulet)
rElec   .          Harm     .    (no ring)
rCorr   .          Rampage  .    (no ring)
Will    .....                    (no ring)
Stlth   ++                       (no ring)
HPRegen 0.25/turn                (no ring)
MPRegen 0.11/turn                (no ring)
                                 (no ring)
                                 (no ring)

@: spider-form, wereblooded
A: venomous fangs, almost no armour, (amphibious), 8 rings, tiny, (camouflage
1), (gelatinous body 1), (nimble swimmer 1), (tentacles)
a: End Transformation


You were on level 4 of the Dungeon.
You were a venomous arachnid creature.
You visited 1 branch of the dungeon, and saw 4 of its levels.

You collected 156 gold pieces.

Inventory:

Missiles
 i - 6 silver javelins
 l - 4 poisoned darts
Jewellery
 f - a ring of flight
 h - a ring of ice
Wands
 o - a wand of flame (4)
Scrolls
 d - 6 scrolls of identify {unknown}
 g - a scroll of immolation
 k - a scroll of teleportation {unknown}
 m - a scroll of torment {unknown}
Potions
 a - 2 potions of lignification
 b - a potion of degeneration {unknown}
 c - a potion of curing {unknown}
 e - a potion of ambrosia {unknown}
 j - 2 potions of attraction {unknown}
 n - a potion of haste {unknown}


   Skills:
 - Level 1.0 Fighting
 - Level 2.0 Dodging
 - Level 3.0 Unarmed Combat
 - Level 2.0 Spellcasting
 + Level 4.7 Transmutations
 + Level 0.7 Ice Magic
 - Level 3.0 Poison Magic


You had 2 spell levels left.
You knew the following spells:

 Your Spells              Type           Power      Damage    Failure   Level
a - Beastly Appendage     Tmut           36%        N/A       10%         1
b - Wereblood             Tmut           18%        N/A       13%         2
c - Spider Form           Tmut/Pois      15%        N/A       26%         3

Your spell library contained the following spells:

 Spells                   Type           Power      Damage    Failure   Level
 Call Canine Familiar     Summ           1%         N/A       69%         3
 Portal Projectile        Hex/Tloc       2%         N/A       69%         3
 Summon Guardian Golem    Hex/Summ       1%         N/A       69%         3
 Ice Form                 Ice/Tmut       11%        N/A       73%         4
 Leda's Liquefaction      Hex/Erth       0%         N/A       96%         4
 Orb of Destruction       Conj           0%         9d5       100%        7
 Spellforged Servitor     Conj/Summ      0%         N/A       100%        7


Dungeon Overview and Level Annotations

Branches:
Dungeon (4/15)
 Temple: D:4-7

Altars:


Innate Abilities, Weirdness & Mutations

You are a venomous arachnid creature.
You have poisonous fangs.
You are tiny and dextrous.
Your spellcasting is less reliable in this form.
Your armour is entirely melded.
You are incapable of wielding weapons or throwing items.
You cannot wear most types of armour.
((You are amphibious.))
You can wear up to eight rings at the same time.
((Your skin changes colour to match your surroundings (Stealth+).))
((Your rubbery body absorbs attacks. (AC +1, EV +1)))
((You are camouflaged when in or above water. (Stealth+)))
((You have tentacles for arms and can constrict up to eight enemies at once.))


Message History

You barely miss the orc.
The orc is heavily wounded.
The gnoll shouts!
The orc closely misses you. The gnoll closely misses you.
You hit the orc but do no damage.
The orc looks as sick as possible!
The orc is heavily wounded.
You feel a bit better.
You kill the orc!
You completely miss the gnoll. The gnoll closely misses you.
You hit the gnoll but do no damage.
The gnoll is poisoned.
The gnoll hits you with a +0 club. The gnoll closely misses you.
You barely miss the gnoll. The gnoll closely misses you.
The gnoll misses you. x2
You hit the gnoll.
The gnoll looks even sicker.
The gnoll is lightly wounded.
The gnoll barely misses you.
The gnoll hits you from afar with a +0 spear.
The gnoll closely misses you.
You barely miss the gnoll.
The gnoll is lightly wounded.
The gnoll misses you. The gnoll completely misses you.
The gnoll hits you from afar with a +0 spear.
The gnoll hits you with a +0 spear!
* * * LOW HITPOINT WARNING * * *
The gnoll hits you with a +0 spear.
* * * LOW HITPOINT WARNING * * *
The gnoll closely misses you.
There is a huge open gate here.
The gnoll attacks as you move away! The gnoll hits you with a +0 club.
* * * LOW HITPOINT WARNING * * *
The gnoll misses you. x2; The gnoll barely misses you.
As you read the scroll labelled XAJ WEYDOCSUEFF, it crumbles to dust.
The creatures around you are filled with an inner flame!
It was a scroll of immolation.
Flame seeps out of the gnoll.
The gnoll misses you. The gnoll closely misses you.
The gnoll is engulfed in blazing flames.
You feel a bit better.
The gnoll explodes!
The fiery explosion engulfs you!!
Ouch! That really hurt!
You die...

....#....†#
#########)###
#......#
###.)....########
.................
~~~~~~≈~....~~~~~~~
≈~≈≈≈≈≈~....~≈≈≈≈≈≈
≈~~~≈~~~....~~~~~~~
.........s.§.......
########'g○'#######
.....#g§gg#......
.....'....)......
.....#....#......
#################


You could see 4 gnolls.

Vanquished Creatures
  A howler monkey (D:3)
  A gnoll (D:4)
  5 adders
  A dart slug (D:2)
  13 orcs
  4 bats
  5 endoplasms
  2 giant cockroaches
  8 goblins
  10 hobgoblins
  5 jackals
  5 quokkas
  A ball python (D:1)
  A frilled lizard (D:2)
  3 kobolds
  3 rats
68 creatures vanquished.

Notes
Turn   | Place    | Note
-------+----------+-------------------------------------------
     0 | D:1      | PyroL the Octopode Transmuter began the quest for the Orb.
     0 | D:1      | Reached XP level 1. HP: 13/13 MP: 3/3
    92 | D:1      | Reached skill level 1 in Poison Magic
   121 | D:1      | Reached XP level 2. HP: 17/18 MP: 3/5
   545 | D:1      | Learned a level 2 spell: Wereblood
   664 | D:1      | Reached XP level 3. HP: 22/23 MP: 4/6
   797 | D:2      | Reached skill level 3 in Transmutations
  1264 | D:2      | Found a faded altar of an unknown god.
  1399 | D:2      | Reached XP level 4. HP: 24/28 MP: 5/7
  1593 | D:3      | Learned a level 3 spell: Spider Form
  2124 | D:3      | Reached skill level 4 in Transmutations
  2133 | D:3      | Reached XP level 5. HP: 28/33 MP: 4/8
  2782 | D:4      | Killed by an exploding gnoll... ignited by their inner
                  | flame

Illustrated notes

Levels and vault maps discovered:
D:1:      mrwooster_arrival_arrow, layout_basic, serial_bayou_pond_c,
          nicolae_eternal_life
D:2:      layout_loops_cross, hellmonk_ecumenical_altar_heavens_door
D:3:      layout_loops_ring
D:4:      lemuel_castle_with_subvaults [lemuel_castle_interior_carwin_1],
          layout_gridville

Skill      XL: |  1  2  3  4 |
---------------+-------------+-----
Poison Magic   | 1 2 3 |  3.0
Transmutations | 3 4 |  4.7
Fighting       | |  1.0
Dodging        | |  2.0
Unarmed Combat | |  3.0
Spellcasting   | |  2.0
Ice Magic      | |  0.7

Action                   |  1- 3 |  4- 6 || total
-------------------------+-------+-------++-------
Melee: Unarmed           |    68 |   107 ||   175
       Constrict         |    19 |     9 ||    28
       Kick              |    22 |     8 ||    30
       Tentacles         |    12 |     5 ||    17
       Punch             |     3 |       ||     3
 Cast: Beastly Appendage |    23 |    15 ||    38
       Spider Form       |       |     6 ||     6
       Wereblood         |       |     4 ||     4
  Use: Scroll            |       |     1 ||     1
 Stab: Sleeping          |     6 |     4 ||    10
Armor: Skin              |     7 |     2 ||     9
Dodge: Dodged            |    38 |    89 ||   127

Table legend: (Time is in decaauts)
 A = Elapsed time spent in this place.
 B = Non-inter-level travel time spent in this place.
 C = Inter-level travel time spent in this place.
 D = Time resting spent in this place.
 E = Time spent auto-exploring this place.
 F = Levels seen in this place.
 G = Mean time per level.
                   A        B        C        D        E       F      G
               +--------+--------+--------+--------+--------+-----+--------+
         Total |   2771 |   2575 |    196 |    149 |   1888 |   4 |  692.8 |
       Dungeon |   2771 |   2575 |    196 |    149 |   1888 |   4 |  692.8 |
               +--------+--------+--------+--------+--------+-----+--------+

Top non-repeatable levels by time:
     D:3: 1165 daAuts
     D:1: 781 daAuts
     D:2: 739 daAuts
     D:4: 84 daAuts
